 Dungeon Crawl Stone Soup version 0.30-a0-329-g85436e0a43 (webtiles) character file.

Game seed: 8998222126630708774

15614 ptdevnull the Fighter (level 12, -13/103 HPs)
             Began as a Djinni Fire Elementalist on Oct 29, 2022.
             Was an Elder of Ashenzari.
             Mangled by a reaper
             ... wielding a +2 scythe of freezing
              (44 damage)
             ... in an ice cave.
             The game lasted 00:24:18 (8632 turns).

ptdevnull the Fighter (Djinni Fire Elementalist)    Turns: 8632, Time: 00:24:18

Health: -13/103    AC:  5    Str:  7    XL:     12   Next: 59%
Gold:   724        EV: 13    Int: 28    God:    Ashenzari [****..] SH:  0 Dex: 14

rFire   + + .      SeeInvis +    b - +1 dagger of Ashenzari's Soothsayer {elec, Cun, Evo} (curse)
rCold   . . .      Faith    .    (no shield)
rNeg    . . .      Spirit   .    a - +0 robe of Ashenzari's Gloom {Melee, Evo} (curse)
rPois   ∞          Reflect  .    (no helmet)
rElec   .          Harm     .    (no cloak)
rCorr   .          Rampage  .    u - +2 pair of gloves "At What Cost Knowledge?" {Range, Self} (curse)
Will    +....      Clarity  +    (boots unavailable)
Stlth   ++........               E - amulet of Supernal Understanding {Regen+, Fort, Self} (curse)
HPRegen 1.17/turn                D - ring of the Prescient Portent {Int+6, Melee, Evo} (curse)
MPRegen 0.00/turn                s - ring "Shackled Urgency" {rC+, Evo, Cun} (curse)

@: flying
A: sickness immunity, fire resistance 2, cold vulnerability 1, float, innate
caster, HP casting, extra vitality 1
a: Renounce Religion, Curse Item, Shatter the Chains


You were in an ice cave.
You worshipped Ashenzari.
Ashenzari was greatly pleased with you.
You visited 2 branches of the dungeon, and saw 12 of its levels.
You also visited: Ice Cave.

You collected 724 gold pieces.

Inventory:

Hand Weapons
 b - the cursed +1 dagger of Ashenzari's Soothsayer (weapon) {elec, Cun, Evo}
   (You took it off a goblin on level 1 of the Dungeon)

   It occasionally discharges a powerful burst of electricity upon striking a
   foe.
   It has a curse which improves the following skills: Cunning: Dodging and
   Stealth.
   Evocations: Evocations.
 i - a +1 dagger of venom
Missiles
 G - 2 throwing nets
Armour
 a - the cursed +0 robe of Ashenzari's Gloom (worn) {Melee, Evo}

   It has a curse which improves the following skills: Melee Combat: Short
   Blades, Long Blades, Axes, Maces & Flails, Polearms, Staves and Unarmed
   Combat.
   Evocations: Evocations.
 u - the cursed +2 pair of gloves "At What Cost Knowledge?" (worn) {Range, Self}
   (You found it on level 4 of the Dungeon)

   It has a curse which improves the following skills: Ranged Combat: Ranged
   Weapons and Throwing.
   Introspection: Fighting and Spellcasting.
 I - +0 steam dragon scales
 K - a +0 robe of willpower
 O - a +0 troll leather armour
Jewellery
 l - a +6 ring of strength
 s - the cursed ring "Shackled Urgency" (right hand) {rC+, Evo, Cun}
   (You found it on level 3 of the Dungeon)

   [ring of protection from cold]

   rC:        It protects you from cold.
   It has a curse which improves the following skills: Evocations: Evocations.
   Cunning:   Dodging and Stealth.
 D - the cursed ring of the Prescient Portent (left hand) {Int+6, Melee, Evo}
   (You found it on level 5 of the Dungeon)

   [ring of intelligence]

   Int:       It affects your intelligence (+6).
   It has a curse which improves the following skills: Melee Combat: Short
   Blades, Long Blades, Axes, Maces & Flails, Polearms, Staves and Unarmed
   Combat.
   Evocations: Evocations.
 E - the cursed amulet of Supernal Understanding (around neck) {Regen+, Fort, Self}
   (You found it on level 6 of the Dungeon)

   [amulet of regeneration]

   Regen:     It increases your rate of health regeneration.
   It has a curse which improves the following skills: Fortitude: Armour and
   Shields.
   Introspection: Fighting and Spellcasting.
Wands
 g - a wand of mindburst (14)
 y - a wand of polymorph (5)
 B - a wand of iceblast (25)
 H - a wand of charming (15)
Scrolls
 c - a scroll of enchant armour
 d - 5 scrolls of teleportation
 e - 5 scrolls of identify
 j - 2 scrolls of immolation
 m - 2 scrolls of vulnerability
 n - 3 scrolls of poison
 p - a scroll of noise
 r - 2 scrolls of brand weapon
 t - 3 scrolls of butterflies
 w - 3 scrolls of fear
 F - a scroll of magic mapping
 M - a scroll of enchant weapon
 P - 3 scrolls of acquirement
Potions
 h - 9 potions of curing
 k - a potion of invisibility
 q - a potion of resistance
 v - 4 potions of haste
 x - 3 potions of cancellation
 z - a potion of lignification
 A - 2 potions of brilliance
 C - 2 potions of degeneration
 J - a potion of ambrosia
 L - 2 potions of heal wounds
Miscellaneous
 f - a piece from Xom's chessboard (15/15)


   Skills:
 + Level 13.4(16.2) Fighting
 - Level 2.1(4.4) Dodging
 - Level 1.5(3.5) Stealth
 + Level 10.8(13.7) Spellcasting
 - Level 5.0(9.4) Evocations


You had 13 spell levels left.
You knew the following spells:

 Your Spells              Type           Power      Damage    Failure   Level
a - Foxfire               Conj/Fire      100%       2x1d9     0%          1
b - Scorch                Fire           100%       2d10      0%          2
c - Kindle Blastsparks    Fire/Tloc/Air  100%       2d18      1%          3
d - Inner Flame           Hex/Fire       77%        N/A       1%          3
e - Flame Wave            Conj/Fire      77%        2d17      1%          4
f - Sandblast             Erth           100%       2d20      0%          1
g - Wereblood             Tmut           77%        N/A       0%          2
h - Ensorcelled Hibernat  Hex/Ice        100%       N/A       0%          2
i - Gell's Gravitas       Tloc           77%        N/A       1%          3
j - Airstrike             Air            38%        2d(6-22)  1%          4
Your spell library was empty.

Dungeon Overview and Level Annotations

Branches:
Dungeon (11/15)            Temple (1/1) D:4            Lair (0/5) D:10
    Orc (0/2) D:11          IceCv (1/1)

Altars:
Ashenzari
Cheibriados
Dithmenos
Elyvilon
Fedhas
Gozag
Hepliaklqana
Makhleb
Nemelex Xobeh
Okawaru
Qazlal
Ru
Trog
Uskayaw
Wu Jian
Xom
Yredelemnul
Zin
The Shining One


Innate Abilities, Weirdness & Mutations

You are immune to sickness and miasma.
You are immune to poison.
Your flesh is very heat resistant. (rF++)
You are vulnerable to cold. (rC-)
You float through the air rather than walking.
You learn spells naturally, not from books.
Your magical power is your life essence.
You have superior vitality. (+4 MHP)


Message History

Unknown command.
You are too injured to fight recklessly!
Unknown command.
Casting: Airstrike (safe; 1% risk of failure)
Confirm with . or Enter, or press ? or * to list all spells.
You conjure some foxfire!
Casting: Foxfire (safe; 0% risk of failure)
Confirm with . or Enter, or press ? or * to list all spells.
You conjure some foxfire!
The foxfire hits the reaper but does no damage.
The reaper is heavily wounded.
Unknown command.
Casting: Foxfire (safe; 0% risk of failure)
Confirm with . or Enter, or press ? or * to list all spells.
Okay, then.
Unknown command.
Casting: Foxfire (safe; 0% risk of failure)
Confirm with . or Enter, or press ? or * to list all spells.
You conjure some foxfire!
The foxfire hits the reaper but does no damage.
The reaper is heavily wounded.
The foxfire hits the reaper but does no damage.
The reaper is heavily wounded.
Casting: Foxfire (safe; 0% risk of failure)
Confirm with . or Enter, or press ? or * to list all spells.
Flames lash the reaper.
The reaper is burned terribly!
The reaper is severely wounded.
The foxfire hits the reaper but does no damage.
The reaper is severely wounded.
The foxfire hits the reaper but does no damage.
The reaper is severely wounded.
The foxfire hits the reaper but does no damage.
The reaper is severely wounded.
Casting: Scorch (safe; 0% risk of failure)
Confirm with . or Enter, or press ? or * to list all spells.
Flames lash the reaper.
The reaper is burned terribly!
The reaper is almost dead.
* * * LOW HITPOINT WARNING * * *
The reaper hits you from afar with a +2 scythe of freezing!!!
You die...

#.......####..#####...
#........##....##.....
#...........#.......∩.
##.........###........
#.......### ##..##...
#......## ######..
#.......# ###
##.....## ##.@§§# * *
##.§## { * ##.2.# , ,
#...## ,,, * ##..###*
,,,, ** #..##☼#* #
,*,* , * ,#..#..#....*
, , ,#........# * , ,,
* #.......#.#..##,, *
,


You could see a reaper (combustible).

Vanquished Creatures
  2 two-headed ogres
  An oklob plant (D:10)
  An ice statue (IceCv)
  An unseen horror (D:11)
  A kobold demonologist (D:8)
  An anaconda simulacrum (IceCv)
  7 ice devils
  2 trolls
  35 yaks
  A shadow (D:11)
  4 wyverns
  A wraith (D:10)
  A death yak simulacrum (IceCv)
  2 steam dragons (D:9)
  A harpy simulacrum (IceCv)
  3 hydra simulacra (IceCv)
  A water moccasin (D:5)
  A black bear (D:6)
  4 orc warriors
  3 sky beasts
  2 ice beasts
  2 ogres
  2 centaurs
  3 phantoms
  4 bullfrogs
  A gnoll sergeant (D:7)
  2 scorpions (D:6)
  2 two-headed ogre simulacra (IceCv)
  A cane toad simulacrum (IceCv)
  5 wights (D:8)
  6 killer bees (D:8)
  An elephant simulacrum (IceCv)
  2 electric eels (D:10)
  3 jellies
  2 hounds (D:5)
  7 orc priests
  A gnoll bouda (D:8)
  Ijyb (D:3)
  3 iguanas
  2 polar bear simulacra (IceCv)
  2 troll simulacra (IceCv)
  6 orc wizards
  4 spriggan simulacra (IceCv)
  4 adders
  12 gnolls
  A naga simulacrum (IceCv)
  A shadow imp (D:6)
  4 white imps
  4 ufetubi
  3 worms
  2 dart slugs (D:3)
  28 orcs
  6 bats
  6 endoplasms
  A giant cockroach (D:3)
  7 goblins
  4 hobgoblins
  7 jackals
  3 kobolds
  2 quokkas
  5 ball pythons
  5 frilled lizards (D:1)
  5 rats
  2 butterflies (D:3)
249 creatures vanquished.

Vanquished Creatures (collateral kills)
  An ice statue (IceCv)
1 creature vanquished.

Vanquished Creatures (others)
  687 foxfires
687 creatures vanquished.

Grand Total: 937 creatures vanquished

Notes
Turn   | Place    | Note
-------+----------+-------------------------------------------
     0 | D:1      | ptdevnull the Djinni Fire Elementalist began the quest for
                  | the Orb.
     0 | D:1      | ptdevnull set off with the following spells memorised:
                  | Foxfire, Scorch, Kindle Blastsparks, Inner Flame, Flame
                  | Wave.
     0 | D:1      | Reached XP level 1. HP: 15/15 MP: 0/0
    54 | D:1      | Reached XP level 2. HP: 20/22 MP: 0/0
   122 | D:1      | Reached skill level 1 in Fighting
   268 | D:1      | Reached XP level 3. HP: 22/27 MP: 0/0
   268 | D:1      | Learned a level 1 spell: Sandblast
  1094 | D:2      | Reached skill level 2 in Fighting
  1265 | D:2      | Reached XP level 4. HP: 26/33 MP: 0/0
  1554 | D:3      | Found a shimmering altar of Xom.
  1580 | D:3      | Noticed Ijyb
  1589 | D:3      | Killed Ijyb
  2026 | D:3      | Reached XP level 5. HP: 37/40 MP: 0/0
  2026 | D:3      | Learned a level 2 spell: Wereblood
  2069 | D:3      | Found a stormy altar of Qazlal.
  2447 | D:4      | Reached skill level 3 in Fighting
  2468 | D:4      | Found a staircase to the Ecumenical Temple.
  2490 | D:4      | Noticed a phantom
  2501 | D:4      | Killed a phantom
  2502 | D:4      | Reached XP level 6. HP: 35/46 MP: 0/0
  2514 | Temple   | Entered the Ecumenical Temple
  2697 | Temple   | Became a worshipper of Ashenzari the Shackled
  2858 | D:4      | Found a basalt altar of Yredelemnul.
  2863 | D:4      | Found a snail-covered altar of Cheibriados.
  2944 | D:4      | Found a white marble altar of Elyvilon.
  2947 | D:4      | Found a blossoming altar of Fedhas.
  2951 | D:4      | Found an iron altar of Okawaru.
  3337 | D:5      | Entered Level 5 of the Dungeon
  3428 | D:5      | Reached skill level 4 in Fighting
  3459 | D:5      | Noticed an ogre
  3467 | D:5      | Killed an ogre
  3575 | D:5      | Reached XP level 7. HP: 39/53 MP: 0/0
  3575 | D:5      | Learned a level 2 spell: Ensorcelled Hibernation
  3866 | D:5      | Reached * piety under Ashenzari
  3878 | D:5      | Reached skill level 5 in Fighting
  3893 | D:5      | Noticed a water moccasin
  3899 | D:5      | Killed a water moccasin
  4212 | D:5      | Reached skill level 5 in Spellcasting
  4368 | D:6      | Reached XP level 8. HP: 57/60 MP: 0/0
  4372 | D:6      | Reached skill level 6 in Fighting
  4725 | D:6      | Reached ** piety under Ashenzari
  4726 | D:6      | Identified Sif Muna's Omnibus of the Chill
  4726 | D:6      | Identified Sif Muna's Volume of Blasphemous Rites
  4726 | D:6      | Identified Sif Muna's Textbook on the Lithosphere
  5127 | D:7      | Reached skill level 7 in Fighting
  5178 | D:7      | Reached *** piety under Ashenzari
  5211 | D:7      | Reached XP level 9. HP: 72/72 MP: 0/0
  5211 | D:7      | Learned a level 3 spell: Gell's Gravitas
  5423 | D:7      | Reached skill level 8 in Fighting
  5903 | D:8      | Reached skill level 1 in Evocations
  6125 | D:8      | Found a sacrificial altar of Ru.
  6219 | D:8      | Reached XP level 10. HP: 81/83 MP: 0/0
  6219 | D:8      | Noticed a kobold demonologist
  6224 | D:8      | Noticed a smoke demon
  6225 | D:8      | Killed a kobold demonologist
  6226 | D:8      | Reached skill level 9 in Fighting
  6523 | D:9      | Noticed a two-headed ogre
  6532 | D:9      | Killed a two-headed ogre
  6714 | D:9      | Reached skill level 5 in Evocations
  6722 | D:9      | Reached skill level 10 in Fighting
  6815 | D:9      | Reached XP level 11. HP: 69/91 MP: 0/0
  6815 | D:9      | Learned a level 4 spell: Airstrike
  6980 | D:9      | Reached skill level 11 in Fighting
  7361 | D:10     | Entered Level 10 of the Dungeon
  7387 | D:10     | Noticed a two-headed ogre
  7394 | D:10     | Killed a two-headed ogre
  7467 | D:10     | Found a glowing silver altar of Zin.
  7634 | D:10     | Found a staircase to the Lair.
  7637 | D:10     | Noticed an oklob plant
  7644 | D:10     | Killed an oklob plant
  7668 | D:10     | Reached **** piety under Ashenzari
  7696 | D:10     | Reached skill level 12 in Fighting
  7763 | D:10     | Identified the +0 leather armour of Foolhardiness {MP+9}
  7997 | D:10     | Identified 3 scrolls of acquirement
  8186 | D:11     | Reached XP level 12. HP: 99/103 MP: 0/0
  8191 | D:11     | Reached skill level 10 in Spellcasting
  8234 | D:11     | Found a staircase to the Orcish Mines.
  8253 | D:11     | Found a frozen archway.
  8295 | IceCv    | Entered an ice cave
  8476 | IceCv    | Reached skill level 13 in Fighting
  8618 | IceCv    | Noticed a reaper
  8632 | IceCv    | Mangled by a reaper

Illustrated notes

Levels and vault maps discovered:
D:1:      denvon_arrival_waterhouse, layout_basic
D:2:      layout_basic
D:3:      layout_basic, xom_butterflies, nicolae_qazlal_general_emergency,
          minmay_close_crescents, uniq_ijyb
D:4:      layout_gridville, nicolae_sif_muna_little_library,
          nicolae_overflow_hallway_of_the_gods, minmay_temple_entry_tees
D:5:      layout_gridville, skrybe_limestone_x,
          minmay_fractal_squares_diagonal_5
D:6:      layout_loops_cross
D:7:      layout_loops_ring
D:8:      layout_loops_ring, nicolae_ru_path_of_blood
D:9:      layout_roguey
D:10:     layout_long_grid, lemuel_doored_altar, dpeg_oklobed_lair, minivault_4
D:11:     layout_basic, orc_0_dummy, portal_ice_cave_demonic_guard,
          minmay_the_grid_2x2 [minmay_the_grid_outer_circle,
          minmay_the_grid_slots, minmay_the_grid_spikes,
          minmay_the_grid_prize_trominoes], uniq_fannar, uniq_erolcha
Temple:   nicolae_temple_bog_church
IceCv:    ice_cave_small_demon

Skill      XL: |  1  2  3  4  5  6  7  8  9 10 11 12 |
---------------+-------------------------------------+-----
Fighting       | 1 2 3 4 5 7 8 10 12 13 | 13.4
Spellcasting   | 3 4 5 6 7 8 9 10 | 10.8
Evocations     | 2 5 |  5.0
Dodging        | |  2.1
Stealth        | |  1.5

Action                   |  1- 3 |  4- 6 |  7- 9 | 10-12 || total
-------------------------+-------+-------+-------+-------++-------
Melee: Dagger            |       |     1 |       |     2 ||     3
 Cast: Foxfire           |    67 |    59 |   144 |   145 ||   415
       Scorch            |     6 |    21 |    42 |    93 ||   162
       Flame Wave        |       |       |     3 |     7 ||    10
       Kindle Blastspark |       |       |    12 |    35 ||    47
       Ensorcelled Hiber |       |       |       |     1 ||     1
       Airstrike         |       |       |       |    40 ||    40
       Inner Flame       |       |       |       |    26 ||    26
Invok: Curse Item        |       |     1 |     4 |     1 ||     6
  Use: Scroll            |       |       |     1 |     5 ||     6
       Potion            |       |       |       |     1 ||     1
 Stab: Sleeping          |       |     1 |       |     1 ||     2
Armor: Robe              |       |       |     4 |    15 ||    19
Dodge: Dodged            |       |     4 |    15 |    31 ||    50

Table legend: (Time is in decaauts)
 A = Elapsed time spent in this place.
 B = Non-inter-level travel time spent in this place.
 C = Inter-level travel time spent in this place.
 D = Time resting spent in this place.
 E = Time spent auto-exploring this place.
 F = Levels seen in this place.
 G = Mean time per level.
                   A        B        C        D        E       F      G
               +--------+--------+--------+--------+--------+-----+--------+
         Total |   8628 |   8401 |    227 |    372 |   6478 |  13 |  663.7 |
       Dungeon |   8102 |   7899 |    203 |    260 |   6299 |  11 |  736.5 |
        Temple |    188 |    164 |     24 |      0 |    128 |   1 |  188.0 |
      Ice Cave |    336 |    336 |      0 |    112 |     51 |   1 |  336.0 |
               +--------+--------+--------+--------+--------+-----+--------+

Top non-repeatable levels by time:
     D:5: 1025 daAuts
     D:4: 851 daAuts
     D:9: 805 daAuts
     D:3: 799 daAuts
     D:2: 777 daAuts
    D:10: 777 daAuts
     D:7: 769 daAuts
     D:6: 724 daAuts
     D:1: 718 daAuts
     D:8: 697 daAuts
   IceCv: 336 daAuts
  Temple: 188 daAuts
    D:11: 155 daAuts
